 Dungeon Crawl Stone Soup version 0.29.1-2-gbd0b4ee654 (webtiles) character file.

Game seed: 13643162312899449723

398 daba11 the Poker (level 6, -1/61 HPs)
             Began as a Minotaur Berserker on Nov 9, 2022.
             Was a Priest of Trog.
             Slain by Pikel
             ... wielding a +2 whip of electrocution
              (8 damage)
             ... on level 5 of the Dungeon.
             The game lasted 00:28:59 (3243 turns).

daba11 the Poker (Minotaur Berserker)               Turns: 3243, Time: 00:29:00

Health: -1/61      AC:  8    Str: 30    XL:     6   Next: 53%
Magic:  5/5        EV: 11    Int:  4    God:    Trog [***...]
Gold:   231        SH:  0    Dex:  9    Spells: 5/5 levels left

rFire   . . .      SeeInvis .   a - +0 spear
rCold   + . .      Faith    .   (no shield)
rNeg    . . .      Spirit   .   o - +0 scale mail
rPois   .          Reflect  .   (helmet unavailable)
rElec   .          Harm     .   (no cloak)
rCorr   +          Rampage  .   (no gloves)
Will    .....                   d - +0 pair of boots
Stlth   ..........              (no amulet)
HPRegen 0.20/turn               c - ring of resist corrosion
MPRegen 0.09/turn               q - +6 ring of strength

@: no status effects
A: horns 3, retaliatory headbutt, talons 1, cold resistance 1, robust 1
a: Renounce Religion, Berserk, Trog's Hand


You were on level 5 of the Dungeon.
You worshipped Trog.
Trog was most pleased with you.
You visited 1 branch of the dungeon, and saw 5 of its levels.

You collected 231 gold pieces.

Inventory:

Hand Weapons
 a - a +0 spear (weapon)
 m - a +0 short sword
 p - a +0 club
 r - a +0 dagger
 s - a +0 sling
 x - a +0 short sword
 B - a +0 hand axe
 F - a +0 spear
 G - a +0 rapier
 K - a +0 hand axe
 O - a +0 short sword
 P - a +0 hand axe
 Q - a +0 short sword
 S - a +0 dagger
 T - a +0 hand axe
 V - a +0 long sword
 W - a +0 sling
 Y - a +0 dagger
Missiles
 t - 30 stones (quivered)
Armour
 b - a +0 animal skin
 d - a +0 pair of boots (worn)
 f - a +0 robe
 o - a +0 scale mail (worn)
 v - a +0 scale mail
 A - a +0 robe
 C - a +0 ring mail
 H - a +0 leather armour
 L - a +0 robe
 N - a +0 robe
 U - a +0 ring mail
 X - a +0 ring mail
Magical Staves
 e - a staff of conjuration
 z - a staff of poison
Jewellery
 c - a ring of resist corrosion (left hand)
 q - a +6 ring of strength (right hand)
Scrolls
 g - 5 scrolls of identify {unknown}
 h - a scroll of brand weapon {unknown}
 k - a scroll of teleportation {unknown}
 l - a scroll of enchant armour {unknown}
 w - a scroll of poison {unknown}
 y - a scroll of blinking {unknown}
 D - 2 scrolls of immolation {unknown}
 I - a scroll of fear {unknown}
 J - a scroll of magic mapping {unknown}
Potions
 i - 2 potions of heal wounds {unknown}
 n - a potion of brilliance {unknown}
 u - a potion of might {unknown}
 E - 2 potions of lignification {unknown}


   Skills:
 + Level 5.1 Fighting
 + Level 6.6 Polearms
 + Level 4.4 Armour
 + Level 3.1 Dodging
 + Level 0.6 Stealth


You had 5 spell levels left.
You didn't know any spells.
Your spell library contained the following spells:

 Spells                   Type           Power      Damage    Failure   Level
 Magic Dart               Conj           0%         1d3       75%         1
 Slow                     Hex            0%         N/A       75%         1
 Searing Ray              Conj           0%         2d4       86%         2
 Confusing Touch          Hex            0%         N/A       98%         3
 Gell's Gravitas          Tloc           0%         N/A       98%         3
 Teleport Other           Tloc           0%         N/A       98%         3
 Vampiric Draining        Necr           0%         2d6       98%         3
 Fulminant Prism          Conj/Hex       0%         3d6       100%        4
 Dispersal                Tloc           0%         N/A       100%        6


Dungeon Overview and Level Annotations

Branches:
Dungeon (5/15)
 Temple: D:4-7

Altars:

Shops:
D:2 :

Annotations:
D:5 Pikel


Innate Abilities, Weirdness & Mutations

You have a pair of large horns on your head.
You reflexively headbutt those who attack you in melee.
You have sharp toenails.
Your flesh is cold resistant. (rC+)
You are robust. (+10% HP)


Message History

You kill the lemure!
That felt strangely unrewarding.
A lemure comes into view.
The lemure shouts!
Pikel zaps a wand.
You resist with some effort.
Pikel zaps a wand.
You resist with some effort.
A lemure comes into view.
You hit Pikel but do no damage. Pikel closely misses you.
You hit Pikel but do no damage. You headbutt Pikel!
Pikel is lightly wounded.
Pikel zaps a wand.
You suddenly lose the ability to move!
The now-empty wand crumbles to dust.
Pikel hits you but does no damage. The lemure hits you.
A lemure comes into view.
Pikel hits you but does no damage. The lemure hits you.
Pikel hits you with a +2 whip of electrocution.
You are electrocuted!
The lemure hits you but does no damage.
Pikel hits you with a +2 whip of electrocution.
The lemure hits you.
Pikel says, "You'll feel the lick of my whip!"
Pikel hits you with a +2 whip of electrocution.
* * * LOW HITPOINT WARNING * * *
You can move again.
It was a potion of mutation.
You feel extremely strange.
You feel resistant to cold.
Your toenails lengthen and sharpen.
You feel robust. The horns on your head grow some more. The lemure hits you.
* * * LOW HITPOINT WARNING * * *
Pikel hits you with a +2 whip of electrocution.
* * * LOW HITPOINT WARNING * * *
You barely miss Pikel.
Pikel is lightly wounded.
Pikel hits you with a +2 whip of electrocution.
* * * LOW HITPOINT WARNING * * *
Pikel attacks as you move away!
Pikel hits you with a +2 whip of electrocution!
You die...

############
#..........#
##.#######.# ##### #.#
#.# #.# #...
#.###.###.#####.#####
#.#.................#
##
###.#.#.#......5..###.#
#. #..............K5.#
#. #.#.#.#.......5#@.#
#. #..............#..#
#. ###.#.#...........#
#. #.........#..#.#..#
## #.#.#...#.........#
####
#.#.#....##.##.#..#
#... #.#.#........ ...#
#... #.#.# #...#. ...#
#... #.#.###..... ####


You could see Pikel and 2 lemures.

Vanquished Creatures
  An ogre (D:5)
  A lemure (D:5)
  A hound (D:5)
  A jelly (D:5)
  An orc priest (D:4)
  3 orc wizards
  3 gnolls (D:4)
  3 adders
  2 worms
  A dart slug (D:2)
  11 orcs
  7 bats
  7 endoplasms
  2 giant cockroaches
  3 goblins
  7 hobgoblins
  2 jackals (D:4)
  6 quokkas
  6 ball pythons
  3 frilled lizards
  4 kobolds
  8 rats
83 creatures vanquished.

Notes
Turn   | Place    | Note
-------+----------+-------------------------------------------
     0 | D:1      | daba11 the Minotaur Berserker began the quest for the Orb.
     0 | D:1      | Reached XP level 1. HP: 19/19 MP: 0/0
   205 | D:1      | Reached XP level 2. HP: 24/27 MP: 1/1
   273 | D:1      | Reached skill level 4 in Polearms
   646 | D:2      | Found Zaong's Book Shop.
   694 | D:2      | Reached XP level 3. HP: 30/33 MP: 2/2
   939 | D:2      | Reached ** piety under Trog
  1743 | D:3      | Reached XP level 4. HP: 35/41 MP: 3/3
  2062 | D:3      | Found a faded altar of an unknown god.
  2137 | D:3      | Reached skill level 5 in Polearms
  2416 | D:4      | Reached *** piety under Trog
  2417 | D:4      | Reached XP level 5. HP: 26/47 MP: 4/4
  2568 | D:4      | Reached skill level 6 in Polearms
  2936 | D:5      | Entered Level 5 of the Dungeon
  3001 | D:5      | Noticed an ogre
  3007 | D:5      | Killed an ogre
  3008 | D:5      | Reached skill level 5 in Fighting
  3008 | D:5      | Reached XP level 6. HP: 36/56 MP: 5/5
  3228 | D:5      | Noticed Pikel
  3234 | D:5      | Paralysed by Pikel for 5 turns
  3240 | D:5      | Gained mutation: Your flesh is cold resistant. (rC+)
                  | [potion of mutation]
  3240 | D:5      | Gained mutation: You have sharp toenails. [potion of
                  | mutation]
  3240 | D:5      | Gained mutation: You are robust. (+10% HP) [potion of
                  | mutation]
  3240 | D:5      | Gained mutation: You have a pair of large horns on your
                  | head. [potion of mutation]
  3243 | D:5      | Slain by Pikel

Illustrated notes

Levels and vault maps discovered:
D:1:      dpeg_arrival_short_road, layout_rooms
D:2:      layout_basic, serial_shops, nicolae_diamond_shop
D:3:      layout_basic, basic_ecumenical_altar, mrwooster_statue_mirror
D:4:      layout_rooms
D:5:      layout_basic, minmay_temple_entry_tees, pf_guarded_unrand_delatra,
          uniq_pikel

Skill      XL: |  1  2  3  4  5 |
---------------+----------------+-----
Fighting       | 4 5 |  5.1
Polearms       | 4 5 6 |  6.6
Armour         | 3 4 |  4.4
Dodging        | 3 |  3.1
Stealth        | |  0.6

Action                   |  1- 3 |  4- 6 || total
-------------------------+-------+-------++-------
Melee: Spear             |    80 |   131 ||   211
       Headbutt          |     8 |    25 ||    33
       Punch             |     2 |     2 ||     4
  Use: Scroll            |     1 |       ||     1
       Potion            |       |     1 ||     1
Armor: Animal skin       |    15 |       ||    15
       Scale mail        |    10 |    45 ||    55
Dodge: Dodged            |    39 |    39 ||    78
